[Event "Titled Tuesday Blitz June 1 2021"]
[White "Makhnev, Denis"]
[Black "Manafov, Vugar"]
[WhiteFideId "13707647"]
[BlackFideId "13410814"]
[WhiteElo "2549"]
[BlackElo "2274"]
[Result "1-0"]
[Round "11"]
[TimeControl "180+1"]
[Date "2021.06.01"]
[WhiteClock "0:00:16"]
[BlackClock "0:00:04"]

1. d4 Nf6 2. c4 e6 3. Nf3 Bb4+ 4. Bd2 a5 5. g3 O-O 6. Bg2 d5 7. Qc2 Nbd7 8. O-O c6 9. Rd1 Be7 10. Bf4 Nh5 11. Bc1 b5 12. c5 f5 13. Nc3 g5 14. Ne1 h6 15. Nd3 Nhf6 16. a3 Ne4 17. f3 Nxc3 18. Qxc3 b4 19. Qc2 bxa3 20. Rxa3 Ba6 21. e4 Qc7 22. exd5 exd5 23. f4 Bf6 24. Ne5 Bg7 25. Nxd7 Qxd7 26. fxg5 hxg5 27. Bxg5 Rae8 28. Re3 Rxe3 29. Bxe3 Re8 30. Qc3 Qb7 31. Kf2 Bf6 32. Bf3 Qb5 33. Qc2 Bg7 34. h4 a4 35. h5 Qb7 36. h6 Bh8 37. Qxf5 Qxb2+ 38. Rd2 Qc3 39. Qg6+ Kf8 40. Bf4 Bxd4+ 41. Kg2 Bf1+ 42. Kh2 Be5 43. Bh5 Re7 44. Rf2 Bd4 45. Be3+ 1-0


[Site "https://www.chess.com"]

[Event "Titled Tuesday Blitz June 1 2021"]
[White "Makhnev, Denis"]
[Black "Senthil Maran K"]
[WhiteFideId "13707647"]
[BlackFideId "25035681"]
[WhiteElo "2549"]
[BlackElo "2194"]
[Result "1-0"]
[Round "11"]
[TimeControl "180+1"]
[Date "2021.06.01"]
[WhiteClock "0:00:53"]
[BlackClock "0:00:03"]

1. Nf3 d5 2. c4 e6 3. g3 Nf6 4. Bg2 Be7 5. O-O O-O 6. d4 c6 7. Qc2 b6 8. b3 Bb7 9. Nc3 Na6 10. Rd1 Rc8 11. Ne5 c5 12. dxc5 Nxc5 13. cxd5 exd5 14. Qf5 d4 15. Bxb7 Nxb7 16. Nb5 Bc5 17. Bb2 Qe7 18. Nxd4 Nd6 19. Qf4 Nd5 20. Nf5 Qe6 21. Rxd5 Nxf5 22. Rad1 Rfe8 23. Nd7 Ne7 24. Nxc5 bxc5 25. Re5 Qg6 26. Rg5 Qh6 27. Rxg7+ Qxg7 28. Bxg7 Kxg7 29. Rd7 Ng6 30. Qxf7+ 1-0


[Site "https://www.chess.com"]

[Event "Titled Tuesday Blitz June 1 2021"]
[White "Maksimenko, Viktor"]
[Black "Stelmaszyk, Nico"]
[WhiteFideId "13710478"]
[BlackFideId "16200462"]
[WhiteElo "2269"]
[BlackElo "2119"]
[Result "0-1"]
[Round "11"]
[TimeControl "180+1"]
[Date "2021.06.01"]
[WhiteClock "0:00:05"]
[BlackClock "0:00:22"]

1. d4 d5 2. c4 e6 3. Nf3 c5 4. cxd5 exd5 5. g3 Nc6 6. Bg2 c4 7. O-O Bb4 8. Ne5 Nge7 9. Nc3 O-O 10. a3 Bxc3 11. bxc3 Na5 12. Be3 f6 13. Nf3 Nb3 14. Ra2 a5 15. Nd2 a4 16. f3 Re8 17. Bf2 Qa5 18. Rc2 Bf5 19. e4 Bg6 20. Be3 Ra6 21. f4 Nxd2 22. Qxd2 Bxe4 23. Bxe4 dxe4 24. Rb2 Nd5 25. Rc1 Rb6 26. Rcc2 Rb3 27. Kf2 f5 28. Qe2 b5 29. Qd2 Rxa3 30. Rb4 Nxb4 31. cxb4 Qc7 32. Rc3 Rxc3 33. Qxc3 Qd6 34. Ke2 Ra8 35. Qa3 c3 36. Qxc3 a3 37. d5 Qxd5 38. Bc1 Qc4+ 0-1


[Site "https://www.chess.com"]

[Event "Titled Tuesday Blitz June 1 2021"]
[White "Maly, Alexey"]
[Black "Romanchuk, Viktor"]
[WhiteFideId "14103184"]
[BlackFideId "14109271"]
[WhiteElo "2314"]
[BlackElo "2242"]
[Result "1-0"]
[Round "11"]
[TimeControl "180+1"]
[Date "2021.06.01"]
[WhiteClock "0:01:11"]
[BlackClock "0:01:37"]

1. d4 d5 2. c4 c6 3. e3 Nf6 4. Bd3 e6 5. Nd2 Nbd7 6. Ngf3 Be7 7. O-O O-O 8. e4 dxe4 9. Nxe4 c5 10. dxc5 Nxc5 11. Nxc5 Bxc5 12. Bg5 b6 13. Qe2 Bb7 14. Rad1 Qc7 15. Ne5 Rfd8 16. Bb1 Rxd1 17. Rxd1 Rd8 18. Rxd8+ Qxd8 19. Ng4 Be7 20. Nxf6+ Bxf6 21. Bxf6 Qxf6 22. Be4 Bxe4 23. Qxe4 g6 24. Qc2 Qe5 25. g3 a5 26. h4 Qd4 27. b3 e5 28. Kg2 e4 29. a3 e3 30. fxe3 Qxe3 31. b4 Qxa3 32. c5 axb4 33. cxb6 b3 34. Qc8+ Kg7 35. b7 Qa2+ 36. Kf3 b2 37. b8=Q b1=Q 38. Qh8+ Kh6 39. Qf4+ 1-0


[Site "https://www.chess.com"]

[Event "Titled Tuesday Blitz June 1 2021"]
[White "Martinez Alcantara, Jose Eduardo"]
[Black "Fier, Alexandr"]
[WhiteFideId "3805662"]
[BlackFideId "2107139"]
[WhiteElo "2690"]
[BlackElo "2569"]
[Result "1-0"]
[Round "11"]
[TimeControl "180+1"]
[Date "2021.06.01"]
[WhiteClock "0:00:05"]
[BlackClock "0:00:23"]

1. e4 c5 2. Nf3 e6 3. g3 Nc6 4. Bg2 Nf6 5. Qe2 Be7 6. O-O d5 7. e5 Nd7 8. c3 g5 9. h3 h5 10. g4 hxg4 11. hxg4 Nf8 12. d4 Ng6 13. Be3 b6 14. Rd1 a5 15. Na3 Ba6 16. Nb5 c4 17. a4 Kd7 18. b3 cxb3 19. c4 Nb4 20. Rab1 Rc8 21. Nd2 Ke8 22. Rxb3 Kf8 23. Rc3 Kg7 24. Nd6 Bxd6 25. exd6 Qxd6 26. Bxg5 Nf4 27. Qf3 Nxg2 28. Bf6+ Kg6 29. Bxh8 Rxh8 30. Qxg2 dxc4 31. Nxc4 Bxc4 32. Rxc4 Nd5 33. Qe4+ Kg7 34. Qe5+ Qxe5 35. dxe5 Rh3 36. Rdd4 Rb3 37. Kg2 Kg6 38. Rc8 Kg7 39. Rd8 Kg6 40. Rd7 Ra3 41. Kh2 Rf3 42. Kg1 Ra3 43. Kg2 Rb3 44. f4 Ne3+ 45. Kh3 Nf5+ 46. Rd3 Rxd3+ 47. Rxd3 Ne7 48. Rd7 Nd5 49. Kg3 Kg7 50. f5 Kf8 51. fxe6 fxe6 52. g5 Nc3 53. g6 Nxa4 54. Rb7 Nc5 55. Rxb6 Kg7 56. Rc6 Ne4+ 57. Kf4 Nf2 58. Rxe6 a4 59. Kf5 a3 60. Re7+ Kg8 61. Ra7 1-0


[Site "https://www.chess.com"]

[Event "Titled Tuesday Blitz June 1 2021"]
[White "Melian, Juan Sebastian"]
[Black "Pajeken, Jakob Leon"]
[WhiteFideId "3706575"]
[BlackFideId "12942839"]
[WhiteElo "1563"]
[BlackElo "2024"]
[Result "0-1"]
[Round "11"]
[TimeControl "180+1"]
[Date "2021.06.01"]
[WhiteClock "0:00:12"]
[BlackClock "0:00:43"]

1. d4 d5 2. Nf3 Nf6 3. c3 c5 4. Bg5 Nbd7 5. e3 e6 6. Nbd2 Be7 7. Bd3 b6 8. O-O Bb7 9. Ne5 h6 10. Bh4 Nxe5 11. dxe5 Nd7 12. Bxe7 Qxe7 13. f4 g5 14. Qe2 O-O-O 15. a4 f5 16. exf6 Nxf6 17. Nf3 Nd7 18. a5 c4 19. Bc2 e5 20. axb6 axb6 21. fxe5 Nxe5 22. Nd4 Rhf8 23. Bf5+ Kb8 24. Ne6 Rxf5 25. Nxd8 Rxf1+ 26. Qxf1 Qxd8 27. Qf5 Qd6 28. h3 Bc6 29. Ra6 Kb7 30. Ra1 Bd7 31. Qh7 Kc6 32. Qg8 Qc7 33. Qa8+ Qb7 34. Qh8 Nf7 35. Qf6+ Nd6 36. Rd1 g4 37. Qe5 Kc7 38. Rxd5 Qc6 39. hxg4 Bxg4 40. Qe7+ Qd7 41. Qe5 Be6 42. Rd4 b5 43. Qc5+ Qc6 44. Qa7+ Nb7 45. Qa8 Bc8 46. Qa3 Nc5 47. Qa5+ Qb6 48. Qa1 Bb7 49. Qf1 Qg6 50. Qf4+ Kc6 51. g3 Qe6 52. e4 Nd3 53. Qe3 Kc7 54. Qf3 Bc6 55. Qe3 Qe5 56. Qf3 Qg5 57. Kh2 Ne5 58. Qf4 Qxf4 59. gxf4 Nf3+ 60. Kg3 Nxd4 61. cxd4 Bxe4 62. Kf2 b4 63. Ke3 c3 64. bxc3 bxc3 65. f5 c2 66. Kd2 Bxf5 67. Kc1 Kd6 68. Kd2 Kd5 69. Kc1 Kxd4 70. Kd2 h5 71. Kc1 h4 72. Kb2 Kd3 73. Kc1 h3 74. Kb2 h2 75. Ka2 h1=Q 76. Kb3 0-1


[Site "https://www.chess.com"]

[Event "Titled Tuesday Blitz June 1 2021"]
[White "Mirzoev, Azer"]
[Black "Sinitsina, Anastassia"]
[WhiteFideId "13400304"]
[BlackFideId "4504640"]
[WhiteElo "2525"]
[BlackElo "2179"]
[Result "1-0"]
[Round "11"]
[TimeControl "180+1"]
[Date "2021.06.01"]
[WhiteClock "0:01:16"]
[BlackClock "0:00:49"]

1. c4 Nf6 2. Nc3 g6 3. e4 d6 4. d4 Bg7 5. f3 O-O 6. Be3 Na6 7. Nge2 c5 8. d5 e6 9. Qd2 exd5 10. cxd5 Re8 11. Ng3 Nc7 12. Be2 Rb8 13. a4 b6 14. O-O a6 15. Bh6 Bh8 16. Kh1 b5 17. axb5 axb5 18. b4 cxb4 19. Na2 b3 20. Nb4 Bd7 21. Rab1 Ra8 22. Rxb3 Na6 23. Nxa6 Rxa6 24. Rxb5 Bxb5 25. Bxb5 Rb6 26. Bxe8 Qxe8 27. h3 Qe5 28. Bf4 Qe7 29. Rc1 Rb8 30. Rc6 Ne8 31. Kh2 Be5 32. Bxe5 Qxe5 33. Qc3 Qxc3 34. Rxc3 Kf8 35. Rc6 Ke7 36. Ne2 Kd7 37. Ra6 Rb2 38. Ra7+ Nc7 39. Nd4 Rb4 40. Nc6 Rb2 41. h4 Kc8 42. Kg3 h5 43. Kh3 Rb1 44. Ra2 Rb3 45. Kg3 Rb1 46. Kf4 Rb5 47. Kg5 Ne8 48. Ra8+ Kd7 49. Rd8+ 1-0


[Site "https://www.chess.com"]

[Event "Titled Tuesday Blitz June 1 2021"]
[White "Moroni, Luca Jr"]
[Black "Demchenko, Anton"]
[WhiteFideId "865834"]
[BlackFideId "4160258"]
[WhiteElo "2491"]
[BlackElo "2593"]
[Result "0-1"]
[Round "11"]
[TimeControl "180+1"]
[Date "2021.06.01"]
[WhiteClock "0:00:04"]
[BlackClock "0:00:16"]

1. d4 Nf6 2. c4 g6 3. Nc3 Bg7 4. e4 d6 5. Bd3 O-O 6. Nge2 Nc6 7. O-O Nd7 8. Bc2 e5 9. d5 Nb4 10. Bb1 a5 11. a3 Na6 12. Be3 Qe7 13. Bc2 Nb6 14. b3 a4 15. Nxa4 Nxa4 16. bxa4 f5 17. exf5 gxf5 18. f3 Nc5 19. Rb1 b6 20. f4 Bd7 21. Ng3 e4 22. Ne2 Nxa4 23. Bd4 Nc5 24. Ra1 Be8 25. Qd2 Ba4 26. Qc3 Bxc2 27. Qxc2 Bxd4+ 28. Nxd4 Qg7 29. Nb5 Nd3 30. Qc3 Rf7 31. Qxg7+ Rxg7 32. g3 h5 33. Kg2 h4 34. a4 hxg3 35. hxg3 Kf7 36. Nd4 Kf6 37. Ne6 Rg6 38. Rh1 Rag8 39. Rh3 Re8 40. Kh2 Re7 41. Rh8 Nb2 42. a5 bxa5 43. Rxa5 Nxc4 44. Raa8 Ne3 45. Rhf8+ Rf7 46. Ng5 Rxf8 47. Rxf8+ Ke7 48. Rf7+ Ke8 49. Rxc7 Nxd5 50. Ra7 Ne3 51. Kg1 Ng4 52. Kf1 Rh6 53. Nf7 Rf6 54. Ng5 d5 55. Ra5 Rb6 56. Rxd5 Ne3+ 57. Ke2 Nxd5 58. g4 fxg4 0-1


[Site "https://www.chess.com"]

[Event "Titled Tuesday Blitz June 1 2021"]
[White "Narayanan, Srinath"]
[Black "Heinemann, Josefine"]
[WhiteFideId "5018420"]
[BlackFideId "12900460"]
[WhiteElo "2472"]
[BlackElo "2300"]
[Result "1-0"]
[Round "11"]
[TimeControl "180+1"]
[Date "2021.06.01"]
[WhiteClock "0:00:40"]
[BlackClock "0:00:02"]

1. e4 e5 2. Nf3 Nc6 3. Bb5 a6 4. Ba4 Nf6 5. O-O Nxe4 6. d4 b5 7. Bb3 d5 8. Nxe5 Nxe5 9. dxe5 Be6 10. Be3 Be7 11. Nd2 Nxd2 12. Qxd2 c5 13. c3 O-O 14. f4 f5 15. exf6 Rxf6 16. f5 Bf7 17. Rad1 Rd6 18. Bxc5 Rd7 19. Bd4 Bf6 20. Qf4 a5 21. a4 bxa4 22. Bxa4 Rd6 23. Bc5 Rda6 24. Rfe1 Qc8 25. Bf2 Rb8 26. Rd2 Raa8 27. Rde2 Qc4 28. Bg3 Rd8 29. Qxc4 dxc4 30. Bc6 Ra6 31. Bf3 h6 32. Bc7 Rd7 33. Bf4 Rb6 34. Ra1 Ra6 35. g4 a4 36. Be5 Bxe5 37. Rxe5 Rd2 38. Re2 Rad6 39. Rxa4 Rxe2 40. Bxe2 Rd2 41. Bxc4 Bxc4 42. Rxc4 Rxb2 43. Rf4 Kf7 44. Rf2 Rb1+ 45. Kg2 Rc1 46. Rf3 Kf6 47. Kg3 Rc2 48. h3 Rc1 49. Kf4 Re1 50. Re3 Rc1 51. Ke4 Kg5 52. Rd3 g6 53. fxg6 Kxg6 54. Kd5 Kg5 55. c4 Rc2 56. c5 1-0


[Site "https://www.chess.com"]

[Event "Titled Tuesday Blitz June 1 2021"]
[White "Narva, Mai"]
[Black "Perunovic, Milos"]
[WhiteFideId "4500512"]
[BlackFideId "921629"]
[WhiteElo "2236"]
[BlackElo "2547"]
[Result "0-1"]
[Round "11"]
[TimeControl "180+1"]
[Date "2021.06.01"]
[WhiteClock "0:00:03"]
[BlackClock "0:00:13"]

1. e4 c5 2. Nf3 Nc6 3. d4 cxd4 4. Nxd4 Qc7 5. Nc3 e6 6. a3 a6 7. Be3 b5 8. g3 Bb7 9. Bg2 Na5 10. Nce2 Nc4 11. Bc1 Nf6 12. Qd3 d5 13. exd5 Bxd5 14. Bxd5 Nxd5 15. O-O Be7 16. b3 Ne5 17. Qe4 O-O 18. Bb2 Bf6 19. Rac1 Rac8 20. Rfd1 Rfe8 21. Kg2 g6 22. Nf3 Nxf3 23. Bxf6 Nxf6 24. Qxf3 Kg7 25. c4 Qe7 26. cxb5 axb5 27. a4 bxa4 28. bxa4 e5 29. h3 Ra8 30. Ra1 Ra5 31. Nc3 e4 32. Qe3 Qe6 33. Rd4 Rh5 34. g4 Re5 35. a5 h5 36. g5 Nh7 37. h4 f6 38. gxf6+ Nxf6 39. a6 Ng4 40. Qf4 Rf5 41. Qc7+ Re7 42. Qd6 Rxf2+ 43. Kg1 Qf7 44. Nxe4 Re6 45. Qd7 Re7 46. Qd6 Ne3 47. Nxf2 Nf5 48. Qd5 Qf6 49. Rf4 Qxa1+ 50. Kh2 Qxa6 51. Rxf5 gxf5 52. Qxf5 Qg6 53. Qf4 Rf7 54. Qe5+ Qf6 55. Qg3+ Kh7 56. Ne4 Qb2+ 57. Kh3 Rf5 58. Ng5+ Kh6 59. Qe3 Qf2 60. Qe6+ Rf6 61. Qe4 Qf1+ 62. Kh2 Rf2+ 63. Kg3 Qg1+ 64. Kh3 Rh2# 0-1


[Site "https://www.chess.com"]

[Event "Titled Tuesday Blitz June 1 2021"]
[White "Nazaretyan, Tigran"]
[Black "Shuvalov, Evgenij"]
[WhiteFideId "24162345"]
[BlackFideId "4187237"]
[WhiteElo "2247"]
[BlackElo "2163"]
[Result "1-0"]
[Round "11"]
[TimeControl "180+1"]
[Date "2021.06.01"]
[WhiteClock "0:01:16"]
[BlackClock "0:00:38"]

1. d4 Nf6 2. c4 g6 3. Nc3 d5 4. Nf3 Bg7 5. Bg5 Ne4 6. Bh4 Nxc3 7. bxc3 c5 8. e3 Nc6 9. cxd5 Qxd5 10. Qa4 Bd7 11. Bc4 Nxd4 12. cxd4 Qd6 13. Bb5 Rd8 14. O-O a6 15. Bxd7+ Qxd7 16. Qxd7+ Rxd7 17. Rac1 cxd4 18. Rc8+ Rd8 19. Rc7 Rd7 20. Rc8+ Rd8 21. Rxd8+ Kxd8 22. Nxd4 Kd7 23. Rd1 Be5 24. Nf5+ Ke6 25. Nxe7 g5 26. Bxg5 f6 27. Bxf6 Bxf6 28. Nd5 Be5 29. f4 Bb8 30. Kf2 Rc8 31. Rd2 Rd8 32. e4 Bxf4 33. Nxf4+ Ke5 34. Rxd8 Kxf4 35. Re8 b5 36. e5 b4 37. e6 Kf5 38. e7 Kf6 39. Rb8 Kxe7 40. Rxb4 1-0


[Site "https://www.chess.com"]

[Event "Titled Tuesday Blitz June 1 2021"]
[White "Nesterov, Arseniy"]
[Black "Goryachkina, Aleksandra"]
[WhiteFideId "24198455"]
[BlackFideId "4147103"]
[WhiteElo "2441"]
[BlackElo "2441"]
[Result "0-1"]
[Round "11"]
[TimeControl "180+1"]
[Date "2021.06.01"]
[WhiteClock "0:00:03"]
[BlackClock "0:00:12"]

1. d4 Nf6 2. c4 e6 3. Nf3 d5 4. Nc3 Nbd7 5. Bg5 Be7 6. e3 O-O 7. Rc1 dxc4 8. Bxc4 a6 9. Bd3 h6 10. Bh4 c5 11. O-O b5 12. Bb1 Bb7 13. dxc5 Nxc5 14. b4 Ncd7 15. a3 Rc8 16. Nd4 Ne5 17. Qb3 Nd5 18. Bxe7 Qxe7 19. Ne4 Nc4 20. Nc5 g6 21. Rfd1 Ba8 22. Nxa6 Ndxe3 23. fxe3 Qg5 24. e4 Ne3 25. Qb2 Nxd1 26. Rxd1 Rfd8 27. Re1 Qe5 28. Rd1 Bxe4 29. Bxe4 Qxe4 30. Nc5 Qe3+ 31. Qf2 Qxf2+ 32. Kxf2 e5 33. Ke3 exd4+ 34. Rxd4 Rxd4 35. Kxd4 Rd8+ 36. Kc3 Kf8 37. a4 bxa4 38. Nxa4 Ke7 39. b5 Kd6 40. Kb4 Rc8 41. Nc3 f5 42. b6 Kc6 43. Na4 Rd8 44. Kc3 Ra8 45. Kb4 Re8 46. Kc4 Re4+ 47. Kb3 Re2 48. Nc3 Rxg2 49. b7 Kxb7 0-1


[Site "https://www.chess.com"]

[Event "Titled Tuesday Blitz June 1 2021"]
[White "Nguyen, Van Huy"]
[Black "Vetokhin, Savva"]
[WhiteFideId "12401064"]
[BlackFideId "44144474"]
[WhiteElo "2443"]
[BlackElo "2185"]
[Result "0-1"]
[Round "11"]
[TimeControl "180+1"]
[Date "2021.06.01"]
[WhiteClock "0:01:19"]
[BlackClock "0:01:36"]

1. d4 Nf6 2. Nf3 d5 3. c4 e6 4. g3 dxc4 5. Bg2 Nc6 6. O-O Rb8 7. Bg5 h6 8. Bxf6 Qxf6 9. e4 b5 10. Nc3 Bb4 11. d5 Bxc3 12. bxc3 Ne5 13. Nd4 exd5 14. exd5 O-O 15. Qd2 Bd7 16. Rfe1 Nd3 17. Re3 Rfe8 18. Bf1 Rxe3 19. Qxe3 Re8 20. Qd2 Qe5 21. Bg2 b4 22. Rb1 a5 23. h4 Qf6 24. Bf1 bxc3 0-1


[Site "https://www.chess.com"]

[Event "Titled Tuesday Blitz June 1 2021"]
[White "Novik, Maxim"]
[Black "Martin Duque, Jesus"]
[WhiteFideId "4102924"]
[BlackFideId "2208954"]
[WhiteElo "2406"]
[BlackElo "2246"]
[Result "1-0"]
[Round "11"]
[TimeControl "180+1"]
[Date "2021.06.01"]
[WhiteClock "0:00:10"]
[BlackClock "0:00:25"]

1. c4 b6 2. e4 Bb7 3. Nc3 c5 4. g3 g6 5. Bg2 Bg7 6. d3 Nc6 7. f4 e6 8. Nf3 Nge7 9. O-O O-O 10. Be3 d5 11. Bf2 Nd4 12. cxd5 Nxf3+ 13. Bxf3 exd5 14. e5 Nf5 15. d4 cxd4 16. Ne2 Ne3 17. Bxe3 dxe3 18. Qd4 Re8 19. Qxe3 f6 20. e6 Qd6 21. f5 gxf5 22. Nd4 Qe5 23. Rae1 Qxe3+ 24. Rxe3 Bf8 25. Rd3 Bc5 26. Re1 Ba6 27. Rdd1 Rad8 28. Kg2 Bxd4 29. Rxd4 Bb7 30. Bh5 Re7 31. Bf7+ Rxf7 32. exf7+ Kxf7 33. Rc1 Rd7 34. Kf2 Re7 35. Rd2 a5 36. Rdc2 Ba6 37. Rc7 h5 38. Rxe7+ Kxe7 39. Rc6 d4 40. Rxb6 Bc4 41. b3 Bd5 42. Ke2 Be4 43. Ra6 h4 44. Rxa5 Ke6 45. Kd2 Kf7 46. b4 Kg6 47. Rc5 Kg5 48. a4 Kg4 49. a5 hxg3 50. hxg3 Kxg3 51. Rc7 f4 52. Rf7 f5 53. Rg7+ Kh3 54. Ke1 f3 55. Kf2 d3 56. Rd7 Kg4 57. b5 Kf4 58. b6 Ke5 59. b7 Bd5 60. Rxd5+ Kxd5 61. b8=Q d2 62. Qd8+ 1-0


[Site "https://www.chess.com"]

[Event "Titled Tuesday Blitz June 1 2021"]
[White "Odegov, Artem"]
[Black "Tanenbaum, Zachary"]
[WhiteFideId "34183644"]
[BlackFideId "2060850"]
[WhiteElo "2270"]
[BlackElo "2165"]
[Result "0-1"]
[Round "11"]
[TimeControl "180+1"]
[Date "2021.06.01"]
[WhiteClock "0:00:10"]
[BlackClock "0:01:32"]

1. d4 d5 2. c4 dxc4 3. Nf3 a6 4. e4 b5 5. a4 Bb7 6. axb5 axb5 7. Rxa8 Bxa8 8. d5 c6 9. Nc3 b4 10. Qa4 bxc3 11. Qxa8 e6 12. bxc3 exd5 13. Be2 Nf6 14. exd5 cxd5 15. O-O Bd6 16. Nd4 O-O 17. Bg5 Nbd7 18. Qa6 Nc5 19. Qc6 Nce4 20. Bxf6 Qxf6 21. Qxd5 Nxc3 22. Qxc4 Qxd4 23. Qxd4 Nxe2+ 24. Kh1 Nxd4 25. Rd1 Bc5 26. Rc1 Re8 27. h4 Bb4 28. g3 Re1+ 29. Rxe1 Bxe1 30. Kg2 f5 31. f4 Ne2 32. Kf3 Nxg3 33. h5 Nxh5 34. Kg2 Nxf4+ 35. Kh2 Bd2 36. Kh1 g5 37. Kg1 g4 38. Kh1 g3 39. Kg1 Be3+ 40. Kf1 g2+ 41. Ke1 g1=Q# 0-1


[Site "https://www.chess.com"]

[Event "Titled Tuesday Blitz June 1 2021"]
[White "Ognean, Mihnea-Ionut"]
[Black "Solon, Nathan"]
[WhiteFideId "1232347"]
[BlackFideId "2017229"]
[WhiteElo "2012"]
[BlackElo "2623"]
[Result "1-0"]
[Round "11"]
[TimeControl "180+1"]
[Date "2021.06.01"]
[WhiteClock "0:00:05"]
[BlackClock "0:00:12"]

1. e4 c5 2. Nf3 d6 3. d4 cxd4 4. Nxd4 Nf6 5. Nc3 a6 6. f3 e5 7. Nb3 Be7 8. Be3 Be6 9. Qd2 h5 10. Nd5 Nxd5 11. exd5 Bf5 12. Be2 O-O 13. O-O a5 14. a4 Nd7 15. Bb5 Nf6 16. h3 h4 17. Qf2 Nh5 18. Bb6 Qc8 19. Nxa5 Ng3 20. Rfc1 Bg5 21. Re1 Qxc2 22. Qxc2 Bxc2 23. Nc4 Bb3 24. Nxd6 Bxd5 25. Ne4 Bxe4 26. fxe4 Rfc8 27. b4 Rc2 28. a5 Rb2 29. Rab1 Rc2 30. Bd3 Rd2 31. Red1 Ra2 32. b5 R8xa5 33. Bxa5 Rxa5 34. Ra1 Be3+ 35. Kh2 Rxa1 36. Rxa1 g6 37. Re1 Bd4 38. Rc1 f5 39. exf5 gxf5 40. Rc7 b6 41. Bc4+ Kf8 42. Rf7+ Ke8 43. Rh7 e4 44. Rxh4 Be5 45. Kg1 e3 46. Rh6 e2 47. Bxe2 Nxe2+ 48. Kf2 Nf4 49. Kf3 Nd5 50. Re6+ Kd7 51. Rxe5 1-0


[Site "https://www.chess.com"]

[Event "Titled Tuesday Blitz June 1 2021"]
[White "Omk124"]
[Black "Garv Gaur"]
[BlackFideId "45030839"]
[WhiteElo "2539"]
[BlackElo "1950"]
[Result "1/2-1/2"]
[Round "11"]
[TimeControl "180+1"]
[Date "2021.06.01"]
[WhiteClock "0:00:33"]
[BlackClock "0:00:17"]

1. e4 c6 2. c4 d5 3. exd5 cxd5 4. cxd5 Nf6 5. Nc3 Nxd5 6. Nf3 Nc6 7. Bb5 e6 8. O-O Nxc3 9. bxc3 Bd6 10. d4 O-O 11. Bd3 e5 12. dxe5 Nxe5 13. Nxe5 Bxe5 14. Bxh7+ Kxh7 15. Qh5+ Kg8 16. Qxe5 Be6 17. Be3 b6 18. Bd4 Qf6 19. Qxf6 gxf6 20. Bxf6 Rac8 21. Bd4 Rfd8 22. Rfe1 Rc6 23. Re3 a6 24. a4 b5 25. axb5 axb5 26. Rg3+ Kf8 27. h4 b4 28. Bg7+ Ke7 29. cxb4 Rc4 30. Ra7+ Rd7 31. Rxd7+ Bxd7 32. Re3+ Kd8 33. h5 Rxb4 34. Rf3 Ke8 35. Bf6 Kf8 36. Rg3 Rb1+ 37. Kh2 Rb5 38. Bg7+ Kg8 39. h6 Kh7 40. Bf8 Be6 41. f3 Rb8 42. Bg7 Rb5 43. Kg1 Bf5 44. Rg5 Rb1+ 45. Kh2 Bg6 46. Ra5 Rb8 47. g4 Bd3 48. Kg3 Rd8 49. f4 f5 50. g5 Be4 51. Ra6 Rd3+ 52. Kh4 Bg2 53. g6+ Kg8 54. Ra8+ Bxa8 55. Be5 Rd7 56. Kg5 Be4 57. Kf6 Ra7 58. Bd6 Rh7 59. Bf8 Rxh6 60. Bxh6 Bb1 61. Bg5 Bc2 62. Ke5 Bb1 63. Bf6 Bc2 64. Kd4 Bb1 65. Kc3 Be4 66. Kc4 Bb1 67. Kd5 Bc2 68. Ke5 Bb1 69. Bg5 Bc2 70. Kf6 Bb1 71. g7 Bc2 72. Kg6 Bb1 73. Bf6 Bc2 74. Ba1 Bb1 75. Kg5 Bc2 76. Kh4 Bb1 77. Kg3 Bc2 78. Kf2 Bb1 79. Ke2 Be4 80. Ke1 Bb1 81. Kd1 Be4 82. Kc1 Bd3 83. Kd2 Be4 84. Kc3 Bb1 85. Kd2 Be4 86. Kc3 Bb1 87. Kd2 Be4 1/2-1/2


[Site "https://www.chess.com"]

[Event "Titled Tuesday Blitz June 1 2021"]
[White "Ozen, Bahadir"]
[Black "Balakrishnan, Praveen"]
[WhiteFideId "6337058"]
[BlackFideId "2064871"]
[WhiteElo "2503"]
[BlackElo "2237"]
[Result "1-0"]
[Round "11"]
[TimeControl "180+1"]
[Date "2021.06.01"]
[WhiteClock "0:00:13"]
[BlackClock "0:00:03"]

1. e4 e5 2. Nf3 Nc6 3. Bb5 a6 4. Ba4 g6 5. O-O Bg7 6. c3 d6 7. Re1 Ne7 8. h3 O-O 9. d4 b5 10. Bb3 exd4 11. cxd4 Na5 12. Bc2 c5 13. Nc3 cxd4 14. Nxd4 Bb7 15. Nce2 d5 16. e5 Bxe5 17. Bh6 Re8 18. b3 Rc8 19. Qd2 Nac6 20. Rac1 Qd6 21. Bb1 Nxd4 22. Nxd4 Nc6 23. Nf3 Bg7 24. Bxg7 Kxg7 25. Rcd1 Rxe1+ 26. Qxe1 Rd8 27. Qd2 Qf6 28. Rc1 Rd7 29. a4 bxa4 30. bxa4 d4 31. Be4 Nd8 32. Bxb7 Nxb7 33. Rd1 d3 34. Qe3 Qc3 35. Qe5+ Qxe5 36. Nxe5 Rd5 37. f4 Nc5 38. Kf2 f6 39. Nf3 Ne4+ 40. Ke3 Nc3 41. Rxd3 Rxd3+ 42. Kxd3 Nxa4 43. Kc4 Nb6+ 44. Kc5 Na4+ 45. Kb4 Nb6 46. Kc5 Nd7+ 47. Kd6 Nf8 48. g4 Kf7 49. f5 gxf5 50. gxf5 a5 51. Nd4 a4 52. Nc2 h6 53. h4 Nh7 54. Na3 Ng5 55. hxg5 fxg5 56. Ke5 h5 57. Nc4 h4 58. f6 h3 59. Kf5 h2 60. Ne5+ Kf8 61. Ng6+ Kf7 62. Ne5+ Kf8 63. Ke6 h1=Q 64. Nd7+ Kg8 65. f7+ Kh7 66. f8=Q Qe4+ 67. Kf7 Qf5+ 68. Nf6+ Qxf6+ 69. Kxf6 1-0


[Site "https://www.chess.com"]

[Event "Titled Tuesday Blitz June 1 2021"]
[White "Ozkan, Ervin"]
[Black "Dang, Hoang Son"]
[WhiteFideId "6306004"]
[BlackFideId "12402435"]
[WhiteElo "2226"]
[BlackElo "2248"]
[Result "1/2-1/2"]
[Round "11"]
[TimeControl "180+1"]
[Date "2021.06.01"]
[WhiteClock "0:00:15"]
[BlackClock "0:00:11"]

1. d4 Nf6 2. Nf3 g6 3. Bf4 Bg7 4. e3 O-O 5. h3 d6 6. Be2 c5 7. c3 Nc6 8. O-O Be6 9. dxc5 dxc5 10. Nbd2 Qb6 11. Qc2 Rad8 12. Nc4 Qa6 13. Nfe5 b5 14. Nxc6 Qxc6 15. Ne5 Qb6 16. a4 a6 17. axb5 axb5 18. Rfd1 c4 19. Bf3 Bf5 20. e4 Be6 21. Be3 Qc7 22. Bd4 Nh5 23. Ra7 Qd6 24. Nxg6 Bxd4 25. Nxf8 Rxf8 26. Rxd4 Qc5 27. Ra1 Nf4 28. Qd2 Ng6 29. Qe3 Kg7 30. Be2 Qe5 31. Rf1 Nf4 32. Bg4 Bxg4 33. hxg4 Qg5 34. g3 Nh3+ 35. Kg2 Qxe3 36. fxe3 Ng5 37. Rf5 Ne6 38. Rxb5 Nxd4 39. exd4 Rc8 40. g5 Kg6 41. Kf3 e6 42. Ke3 Ra8 43. d5 exd5 44. Rxd5 Rb8 45. Rd2 Kxg5 46. Rf2 Kg6 47. Kd4 Rc8 48. e5 Rc7 49. Kd5 h5 50. Kd6 Rb7 51. Kc6 Re7 52. Kd6 Rb7 53. Rf6+ Kg5 54. Rf4 Rxb2 55. Rxc4 Rb6+ 56. Ke7 Re6+ 57. Kxf7 Rxe5 58. Rd4 Re3 59. c4 Rxg3 60. c5 Rc3 61. Rd5+ Kg4 62. Ke6 h4 63. Kd6 h3 64. Rd4+ Kg5 65. Rd1 Kf4 66. c6 h2 67. c7 Kg3 68. Kd7 Rc2 69. Rd3+ Kg2 70. Rd1 h1=Q 71. Rxh1 Kxh1 72. c8=Q Rxc8 73. Kxc8 1/2-1/2


[Site "https://www.chess.com"]

[Event "Titled Tuesday Blitz June 1 2021"]
[White "Paravyan, David"]
[Black "Sadhwani, Raunak"]
[WhiteFideId "4194985"]
[BlackFideId "35093487"]
[WhiteElo "2562"]
[BlackElo "2514"]
[Result "1-0"]
[Round "11"]
[TimeControl "180+1"]
[Date "2021.06.01"]
[WhiteClock "0:00:05"]
[BlackClock "0:00:05"]

1. e4 c5 2. Nf3 Nf6 3. Nc3 d5 4. exd5 Nxd5 5. Bb5+ Bd7 6. Ne5 Nf6 7. Nxd7 Nbxd7 8. a4 a6 9. Be2 e6 10. O-O Qc7 11. Re1 Bd6 12. g3 O-O 13. d3 h6 14. a5 Rad8 15. Bf3 Ne5 16. Bg2 Nc6 17. Bd2 Be7 18. Ne4 Nxe4 19. Bxe4 Bf6 20. c3 Ne5 21. Bf4 g5 22. Be3 Bg7 23. f4 Nxd3 24. Bxd3 c4 25. Bb6 Qc8 26. Bxd8 Rxd8 27. Bh7+ Kxh7 28. Qc2+ Kg8 29. fxg5 hxg5 30. Red1 Bf8 31. Qe4 Qc5+ 32. Kg2 Rd5 33. Rxd5 exd5 34. Qe5 Qb5 35. Rf1 Bg7 36. Qb8+ Kh7 37. Rf2 d4 38. Qd6 d3 39. h4 g4 40. Qf4 Qd5+ 41. Kh2 f6 42. Qxg4 d2 43. Qd1 Bh6 44. Qc2+ Kg7 45. Rf1 Qe6 46. Qd1 Qe3 47. Kg2 f5 48. Qf3 Qe5 49. Qxb7+ Kg6 50. Qxa6+ Kh5 51. Qxc4 Qe4+ 52. Qxe4 fxe4 53. Kf2 e3+ 54. Ke2 1-0


[Site "https://www.chess.com"]